 Dungeon Crawl Stone Soup version 0.16.0-8-gd9ae3a8 (webtiles) character file.

1831 Nefaurd the Covert (level 9, -3/74 (75) HPs)
             Began as a Ghoul Assassin on Mar 16, 2015.
             Was a Follower of Dithmenos.
             Killed by divine providence
             ... invoked by an orc priest
              (10 damage)
             ... on level 8 of the Dungeon.
             The game lasted 01:41:24 (8045 turns).

Nefaurd the Covert (Ghoul Assassin)                 Turns: 8045, Time: 01:41:24

HP:   -3/74 (75)    AC:  5    Str: 15    XL:     9   Next: 11%
MP:   7/7           EV: 14    Int:  6    God:    Dithmenos [*.....]
Gold: 553           SH:  0    Dex: 13    Spells: 0 memorised, 8 levels left

rFire  . . .     SeeInvis .     a - +4 dagger
rCold  + . .     Clarity  .     z - +0 leather armour
rNeg   + + +     SustAb   .     (no shield)
rPois  ∞         Gourm    .     r - +0 hat
rElec  .         Spirit   .     m - +0 cloak
rCorr  .         Warding  .     (no gloves)
rMut   .         Stasis   .     q - +0 pair of boots
MR     .....                    (no amulet)
Stlth  ++++......               (no ring)
                                (no ring)

@: rotting, wreathed by umbra, not resistant to hostile enchantments, stealthy
A: rotting body, claws 1, carnivore 3, cold resistance 1, negative energy
resistance 3, poison resistance, slow healing 1, torment resistance, unbreathing
a: Renounce Religion


You were on level 8 of the Dungeon.
You worshipped Dithmenos.
Dithmenos was aware of your devotion.
You were not hungry.

You visited 2 branches of the dungeon, and saw 9 of its levels.

You collected 553 gold pieces.

Inventory:

Hand weapons
 a - a +4 dagger (weapon)
 b - a +0 blowgun
 k - a +0 vampiric whip
 n - a +0 spear of venom
 B - a +0 shortbow
 C - a +1 dagger of draining
 E - a cursed -3 hand axe
 F - a cursed -2 flail
 G - a +0 shortbow
 Q - a +0 dagger
 R - a +0 hunting sling
 U - the +7 short sword of the Genius {holy, -Cast rN+ Int+4 SInv Stlth-, unknown}
   (You found it on level 7 of the Dungeon)

   It has been blessed by the Shining One to cause great damage to the undead
   and demons.
   It affects your intelligence (+4).
   It protects you from negative energy.
   It enhances your eyesight.
   It prevents spellcasting.
   It makes you less stealthy.
Missiles
 e - 29 poisoned needles
 f - 2 curare-tipped needles
 t - 2 tomahawks (quivered)
 w - a throwing net
 y - 6 needles of paralysis
 H - 22 arrows
Armour
 c - a +0 robe
 d - a +0 cloak
 h - a +0 leather armour
 j - the +2 scale mail of Railalir {rF+ rC+ Str-5}
   (You found it on level 4 of the Dungeon)

   It affects your strength (-5).
   It protects you from fire.
   It protects you from cold.
 m - a +0 cloak (worn)
 q - a +0 pair of boots (worn)
 r - a +0 hat (worn)
 z - a +0 leather armour (worn)
 L - a +0 helmet
Jewellery
 o - a +3 ring of intelligence {unknown}
 p - an uncursed ring of magical power
 u - an uncursed ring of ice {unknown}
 J - an uncursed ring of positive energy {unknown}
Magical devices
 v - a wand of cold (7)
 x - a wand of disintegration (8)
 D - a wand of polymorph (13)
 I - a wand of magic darts (6)
Scrolls
 i - 7 scrolls of remove curse
 A - 2 scrolls of immolation
 S - a scroll of identify
Potions
 g - 2 potions of magic
 s - a potion of mutation
 M - a potion of ambrosia
 O - a potion of flight
 P - a potion of agility {unknown}
Books
 K - a book of Party Tricks

   Spells                             Type                      Level
   a - Summon Butterflies             Summoning                    1
   b - Apportation                    Translocation                1
   c - Tukima's Dance                 Hexes                        3
   d - Alistair's Intoxication        Transmutation/Poison         4
   e - Invisibility                   Hexes                        6


   Skills:
 * Level 6.2 Fighting
 * Level 5.1 Short Blades
 - Level 1.7 Throwing
 - Level 1.0 Armour
 + Level 5.0 Dodging
 * Level 9.0 Stealth


You had 8 spell levels left.
You didn't know any spells.

Dungeon Overview and Level Annotations

Branches:
Dungeon (8/15)             Temple (1/1) D:6
   Lair: D:8-11

Altars:
Ashenzari
Cheibriados
Dithmenos
Fedhas
Gozag
Kikubaaqudgha
Nemelex Xobeh
Qazlal
Ru
Sif Muna
Vehumet
Xom
Yredelemnul
Zin
The Shining One

Shops:
D:5 !   D:7 *

Annotations:
D:6 exclusion: oklob sapling
D:8 Pikel


Innate Abilities, Weirdness & Mutations

Your body is rotting away.
You thrive on raw meat.
You have sharp fingernails.
You are carnivorous and can eat meat at any time.
Your flesh is cold resistant.
You are immune to negative energy.
Your system is resistant to poisons.
You heal slowly when monsters are visible.
You are immune to unholy pain and torment.
You can survive without breathing.


Message History

* * * LOW HITPOINT WARNING * * *
The slave completely misses you. The wight barely misses you.
You see here a scale mail.
The slave hits you but does no damage.
The orc priest hits you but does no damage.
The orc wizard casts a spell.
The orc wizard seems to speed up.
The orc wizard mumbles some strange words.
You feel troubled. The wight hits you with a falchion.
* * * LOW HITPOINT WARNING * * *
Unknown command.
The wight completely misses you.
You see here 5 silver javelins.
The orc wizard points at you and mumbles some strange words.
The magic dart hits you!
* * * LOW HITPOINT WARNING * * *
The orc wizard completely misses you.
The orc priest mumbles some strange prayers to Beogh against you.
Something smites you!
You die...

####* ##.##
##...######K.#
##.........z.##
#..........K..#
#......K.K....##
#......op......#
#....p(........#
#.....zo.......##
#.....@.........#
##..............#
###............#
##..........##
###.......##
###....## ######
#..### ###....#
**#######.##
##......#
*.......#.#
##.......#


You could see 2 slaves, 2 wights, an orc priest, an orc wizard and 3 kobolds.

Vanquished Creatures
  Edmund (D:7)
  An ice beast (D:6)
  An orc warrior (D:6)
  A centaur (D:6)
  A boring beetle (D:1)
  2 ogres (D:7)
  A big kobold (D:8)
  A wyvern skeleton (D:6)
  2 crimson imps (D:5)
  2 hounds (D:5)
  3 goliath beetles
  A centaur skeleton (D:7)
  4 orc priests
  A giant frog zombie (D:6)
  2 iguanas
  5 worker ants
  7 orc wizards
  2 hound skeletons
  8 adders
  10 gnolls
  A worker ant zombie (D:7)
  3 shadow imps
  A giant mite (D:3)
  An adder zombie (D:7)
  4 giant geckos
  36 orcs
  8 bats
  A bat zombie (D:6)
  5 giant cockroaches
  12 hobgoblins
  An ooze (D:3)
  A quokka (D:3)
  3 ball pythons
  3 giant newts
  9 goblins
  A jackal skeleton (D:4)
  8 kobolds
  A quokka skeleton (D:5)
  15 rats
  A plant (D:6)
171 creatures vanquished.

Notes
Turn   | Place    | Note
--------------------------------------------------------------
     0 | D:1      | Nefaurd, the Ghoul Assassin, began the quest for the Orb.
     0 | D:1      | Reached XP level 1. HP: 17/17 MP: 1/1
   254 | D:1      | Noticed a boring beetle
   263 | D:1      | Killed a boring beetle
   263 | D:1      | Reached skill level 5 in Stealth
   263 | D:1      | Reached XP level 2. HP: 22/25 MP: 2/2
   263 | D:1      | Reached XP level 3. HP: 26/30 MP: 3/3
   263 | D:1      | Reached XP level 4. HP: 32/37 MP: 3/3
   497 | D:1      | Reached skill level 6 in Stealth
  1364 | D:2      | Reached XP level 5. HP: 42/45 MP: 4/4
  2218 | D:3      | Reached skill level 1 in Armour
  2543 | D:3      | Reached skill level 1 in Dodging
  2543 | D:3      | Reached XP level 6. HP: 39/52 MP: 5/5
  3002 | D:4      | Got a scorched scale mail
  3132 | D:4      | Identified the +2 scale mail of Railalir {rF+ rC+ Str-5} (You found it on level 4 of the Dungeon)
  3769 | D:5      | Entered Level 5 of the Dungeon
  3951 | D:5      | Found Caysad's Distillery.
  4104 | D:5      | Reached skill level 7 in Stealth
  4129 | D:5      | Found a glowing silver altar of Zin.
  4248 | D:5      | Reached XP level 7. HP: 57/57 MP: 5/5
  4946 | D:6      | Reached skill level 5 in Fighting
  4966 | D:6      | Found a stormy altar of Qazlal.
  4995 | D:6      | Reached XP level 8. HP: 11/68 MP: 6/6
  5031 | D:6      | Found a staircase to the Ecumenical Temple.
  5112 | Temple   | Entered the Ecumenical Temple
  6353 | D:7      | Found Zinlian's Elemental Accessories.
  6558 | D:7      | Noticed Edmund
  6575 | D:7      | Killed Edmund
  6575 | D:7      | Reached skill level 8 in Stealth
  6686 | D:7      | Found a shadowy altar of Dithmenos.
  6697 | D:7      | Became a worshipper of Dithmenos the Shadowed
  7203 | D:7      | Got a smoking short sword
  7690 | D:7      | Reached skill level 5 in Short Blades
  7690 | D:7      | Reached XP level 9. HP: 19/75 MP: 7/7
  7942 | D:8      | Noticed Pikel
  7986 | D:8      | Reached skill level 9 in Stealth
  8028 | D:8      | Reached skill level 5 in Dodging
  8029 | D:8      | Found a sparkling altar of Nemelex Xobeh.
  8045 | D:8      | Killed from afar by an orc priest

Action                   |  1- 3 |  4- 6 |  7- 9 || total
-------------------------+-------+-------+-------++-------
Melee: Dagger            |    11 |   236 |   369 ||   616
 Fire: Blowgun           |     4 |       |     9 ||    13
Throw: Tomahawk          |       |       |     1 ||     1
  Use: Potion            |     2 |     4 |       ||     6
       Scroll            |       |     9 |     6 ||    15
 Stab: Sleeping          |       |     5 |     7 ||    12
       Distracted        |       |     1 |     1 ||     2
  Eat: Chunk             |       |    22 |    35 ||    57
       Beef jerky        |       |     1 |       ||     1
